 Dungeon Crawl Stone Soup version 0.20.1-1-g8b1a95d (webtiles) character file.

107 vineage the Insei (level 4, 0/28 HPs)
             Began as an Octopode Transmuter on Oct 7, 2017.
             Slain by Agrougrou's ghost (5 damage)
             ... on level 3 of the Dungeon.
             The game lasted 00:09:18 (2293 turns).

vineage the Insei (Octopode Transmuter)             Turns: 2293, Time: 00:09:19

Health: 0/28       AC:  2    Str: 10    XL:     4   Next: 86%
Magic:  4/7        EV: 13    Int: 17    God:
Gold:   63         SH:  0    Dex: 12    Spells: 1/7 levels left

rFire    . . .     SeeInvis .     - Unarmed
rCold    + . .     Gourm    .   (no shield)
rNeg     . . .     Faith    .   (helmet restricted)
rPois    .         Spirit   .   (no amulet)
rElec    .         Reflect  .   g - ring of protection from cold
rCorr    .         Harm     .   p - +5 ring of slaying
MR       .....                  s - +1 ring of protection
Stlth    +++.......             (no ring)
Regen    0.1/turn               (no ring)
MPRegen  0.1/turn               (no ring)
                                (no ring)
                                (no ring)

@: no status effects
A: almost no armour, stealthy swim, amphibious, 8 rings, constrict 8, tentacle
spike 1, camouflage 1, clever 1, gelatinous body 1
a: no special abilities


You were on level 3 of the Dungeon.
You were hungry.

You visited 1 branch of the dungeon, and saw 3 of its levels.

You collected 63 gold pieces.

Inventory:

Missiles
 a - 12 arrows
Jewellery
 g - a ring of protection from cold (left tentacle)
 p - a +5 ring of slaying (right tentacle)
 s - a +1 ring of protection (on tentacle)
Scrolls
 d - a scroll of remove curse
 e - a scroll of enchant weapon {unknown}
 f - a scroll of blinking
 i - 3 scrolls of identify
 j - a scroll of immolation {unknown}
 k - a scroll of teleportation {unknown}
Potions
 h - a potion of brilliance {unknown}
 m - a potion of invisibility {unknown}
 n - 2 potions of degeneration {unknown}
 o - a potion of heal wounds {unknown}
Books
 b - a book of Changes

   Spells                             Type                      Level
   a - Beastly Appendage              Transmutation                1
   b - Sticks to Snakes               Transmutation                2
   c - Spider Form                    Transmutation/Poison         3
   d - Ice Form                       Ice/Transmutation            4
   e - Blade Hands                    Transmutation                5
 l - a book of Maledictions

   Spells                             Type                      Level
   a - Corona                         Hexes                        1
   b - Ensorcelled Hibernation        Hexes/Ice                    2
   c - Confuse                        Hexes                        3
   d - Tukima's Dance                 Hexes                        3
   e - Dazzling Spray                 Conjuration/Hexes            3
Comestibles
 c - 4 bread rations
 q - 3 royal jellies
 r - a meat ration


   Skills:
 - Level 1.1 Fighting
 - Level 2.5 Dodging
 - Level 1.5 Stealth
 + Level 4.2 Unarmed Combat
 - Level 2.3 Spellcasting
 * Level 2.6 Transmutations


You had one spell level left.
You knew the following spells:

 Your Spells              Type           Power        Failure   Level  Hunger
a - Beastly Appendage     Tmut           ##....       6%          1    #......
b - Sticks to Snakes      Tmut           ##......     10%         2    ##.....
c - Spider Form           Tmut/Pois      #.........   32%         3    ###....


Dungeon Overview and Level Annotations

Branches:
Dungeon (3/15)

Altars:
Kikubaaqudgha

Annotations:
D:3 Agrougrou's ghost, amateur DsFi


Innate Abilities, Weirdness & Mutations

You cannot wear most types of armour.
You are very stealthy in the water. (Stealth+)
You are amphibious.
You can wear up to eight rings at the same time.
You can use your tentacles to constrict eight enemies at once.
Your skin changes colour to match your surroundings (Stealth+).
Your rubbery body absorbs attacks. (AC +1, EV +1)
One of your tentacles bears a spike.
Your mind is acute. (Int +2)


Message History

Agrougrou's ghost is lightly damaged.
Agrougrou's ghost barely misses you.
You hit Agrougrou's ghost.
Agrougrou's ghost is lightly damaged.
Your transformation is almost over.
Agrougrou's ghost hits you!
You hit Agrougrou's ghost but do no damage.
Agrougrou's ghost is lightly damaged.
Agrougrou's ghost misses you.
You are feeling hungry.
You hit Agrougrou's ghost but do no damage.
Agrougrou's ghost is lightly damaged.
Agrougrou's ghost hits you!
* * * LOW HITPOINT WARNING * * *
Casting: Spider Form
Confirm with . or Enter, or press ? or * to list all spells.
Your transformation has ended.
You have no appropriate body parts free.
Agrougrou's ghost hits you.
You die...

#####...#
#.#
#...###..#
#......#
#..##.##
#..#.##
#...##
#..#.##
#.....##
##.##@.#
#.
#.W.....#
#.
#.#.#.###
#. #....##
#. .......
#.#.####
#.#. #.#.#


You could see Agrougrou's ghost.

Vanquished Creatures
  5 adders (D:2)
  An ooze (D:2)
  A worm (D:2)
  2 dart slugs
  An orc (D:3)
  9 bats
  4 goblins
  7 hobgoblins
  7 jackals (D:1)
  2 frilled lizards
  5 kobolds
  6 rats
50 creatures vanquished.

Notes
Turn   | Place    | Note
-------+----------+-------------------------------------------
     0 | D:1      | vineage the Octopode Transmuter began the quest for the Orb.
     0 | D:1      | Reached XP level 1. HP: 13/13 MP: 3/3
    29 | D:1      | Reached XP level 2. HP: 12/18 MP: 5/5
   191 | D:1      | Learned a level 2 spell: Sticks to Snakes
   738 | D:1      | Reached XP level 3. HP: 20/23 MP: 6/6
  1135 | D:1      | Gained mutation: You are agile. (Dex +2) [potion of mutation]
  1135 | D:1      | Lost mutation: You are agile. (Dex +2) [potion of mutation]
  1135 | D:1      | Gained mutation: Your mind is acute. (Int +2) [potion of mutation]
  1135 | D:1      | Gained mutation: One of your tentacles bears a spike. [potion of mutation]
  1299 | D:2      | Reached skill level 1 in Stealth
  1502 | D:2      | Reached XP level 4. HP: 28/28 MP: 7/7
  1641 | D:2      | Learned a level 3 spell: Spider Form
  1673 | D:2      | Reached skill level 4 in Unarmed Combat
  2162 | D:3      | Noticed Agrougrou's ghost (amateur DsFi)
  2175 | D:3      | Found an ancient bone altar of Kikubaaqudgha.
  2293 | D:3      | Slain by Agrougrou's ghost

Skill      XL: |  1  2  3  4 |
---------------+-------------+-----
Stealth        | 1 |  1.5
Unarmed Combat | 4 |  4.2
Fighting       | |  1.1
Dodging        | |  2.5
Spellcasting   | |  2.3
Transmutations | |  2.6

Action                   |  1- 3 |  4- 6 || total
-------------------------+-------+-------++-------
Melee: Unarmed           |    73 |    38 ||   111
       Constrict         |    21 |     8 ||    29
       Tentacles         |    13 |     5 ||    18
       Punch             |     2 |       ||     2
       Kick              |     5 |     5 ||    10
 Cast: Spider Form       |       |     2 ||     2
       Beastly Appendage |       |     1 ||     1
  Use: Scroll            |     4 |       ||     4
       Potion            |     1 |       ||     1
 Stab: Sleeping          |     4 |     3 ||     7
  Eat: Chunk             |     2 |     2 ||     4
Armor: Skin              |     7 |     2 ||     9
Dodge: Dodged            |    40 |    25 ||    65
